 Dungeon Crawl Stone Soup version 0.30-a0-779-g7971cf19c3 (webtiles) character file.

Game seed: 12910808440227031353

17342 CrazyBamboolord the Reanimator (level 12, 0/100 HPs)
             Began as a Ghoul Necromancer on Feb 17, 2023.
             Was a Priest of Makhleb.
             Slain by a gargoyle
             ... wielding a +0 flail
              (5 damage)
             ... on level 11 of the Dungeon.
             The game lasted 00:48:57 (19199 turns).

CrazyBamboolord the Reanimator (Ghoul Necromancer) Turns: 19199, Time: 00:48:59

Health: 0/100      AC: 20    Str: 13    XL:     12   Next: 47%
Magic:  25/25      EV: 15    Int: 20    God:    Makhleb [***...]
Gold:   1008       SH:  0    Dex: 14    Spells: 14/31 levels left

rFire   + . .      SeeInvis .    a - +2 trident of Patience {protect, rF+ Dex+5}
rCold   + . .      Faith    .    A - orb {light}
rNeg    + + +      Spirit   .    x - +1 robe {Archmagi}
rPois   ∞          Reflect  .    b - +0 helmet
rElec   .          Harm     .    k - +2 cloak
rCorr   .          Rampage  .    (no gloves)
Will    .....      Archmagi +    r - +1 pair of boots
Stlth   +                        (no amulet)
HPRegen 0.00/turn                H - +4 ring of protection
MPRegen 0.19/turn                C - +6 ring of intelligence

@: under a protective aura, inhibited regen, glowing
A: claws 1, cold resistance 1, negative energy resistance 3, inhibited
regeneration, torment resistance 2, devour on kill
a: Renounce Religion, Minor Destruction, Lesser Servant of Makhleb


You were on level 11 of the Dungeon.
You worshipped Makhleb.
Makhleb was most pleased with you.
You visited 2 branches of the dungeon, and saw 12 of its levels.

You collected 1008 gold pieces.

Inventory:

Hand Weapons
 a - the +2 trident of Patience (weapon) {protect, rF+ Dex+5}
   (You found it on level 7 of the Dungeon)

   Dex:       It affects your dexterity (+5).
   rF:        It protects you from fire.
 d - a +4 spear of venom
Missiles
 D - a throwing net
Armour
 b - a +0 helmet (worn)
 k - a +2 cloak (worn)
 r - a +1 pair of boots (worn)
 x - a +1 robe of the Archmagi (worn)
 y - +0 steam dragon scales
 A - an orb of light (worn)
Jewellery
 e - a ring of flight
 B - a ring of ice
 C - a +6 ring of intelligence (right claw)
 H - a +4 ring of protection (left claw)
 I - an amulet of faith
Wands
 i - a wand of polymorph (8)
 o - a wand of flame (18)
Scrolls
 g - 2 scrolls of immolation
 j - a scroll of magic mapping
 n - a scroll of torment {unknown}
 q - a scroll of butterflies {unknown}
 s - a scroll of vulnerability
 u - 2 scrolls of amnesia
 v - 2 scrolls of blinking
 w - 3 scrolls of noise
 E - a scroll of poison {unknown}
 F - a scroll of fog {unknown}
Potions
 c - 3 potions of curing
 f - 4 potions of attraction
 l - a potion of might
 m - a potion of degeneration {unknown}
 p - 2 potions of berserk rage
 t - a potion of brilliance {unknown}
 z - a potion of mutation {unknown}
 G - 2 potions of heal wounds


   Skills:
 * Level 7.2 Fighting
 * Level 6.6 Dodging
 + Level 3.7 Stealth
 * Level 10.3 Spellcasting
 * Level 11.7 Necromancy
 * Level 7.3 Invocations


You had 14 spell levels left.
You knew the following spells:

 Your Spells              Type           Power      Damage    Failure   Level
a - Necrotise             Necr           100%       1d9       1%          1
b - Vampiric Draining     Necr           72%        2d11      1%          3
c - Animate Dead          Necr           72%        N/A       1%          4
d - Agony                 Necr           72%        N/A       1%          5
e - Dispel Undead         Necr           72%        3d24      1%          4

Your spell library contained the following spells:

 Spells                   Type           Power      Damage    Failure   Level
 Kiss of Death            Conj/Necr      100%       2d13      1%          1
 Cigotuvi's Dreadful Rot  Necr/Pois/Air  78%        N/A       1%          2
 Anguish                  Hex/Necr       25%        N/A       6%          4
 Freeze                   Ice            60%        1d7       7%          1
 Shock                    Conj/Air       60%        1d6       7%          1
 Death Channel            Necr           36%        N/A       9%          6
 Ensorcelled Hibernation  Hex/Ice        30%        N/A       11%         2
 Poisonous Vapours        Pois/Air       30%        N/A       11%         2
 Confusing Touch          Hex            15%        N/A       21%         3
 Inner Flame              Hex/Fire       15%        N/A       21%         3
 Mephitic Cloud           Conj/Pois/Air  15%        N/A       21%         3
 Cause Fear               Hex            7%         N/A       56%         4
 Malign Gateway           Summ/Tloc      7%         N/A       100%        7
 Discord                  Hex            7%         N/A       100%        8
 Summon Horrible Things   Summ           7%         N/A       100%        8
 Spider Form              Tmut/Pois      Unusable   N/A       N/A         3

Dungeon Overview and Level Annotations

Branches:
Dungeon (11/15)            Temple (1/1) D:4             Orc (0/2) D:10
   Lair: D:8-11

Altars:
Ashenzari
Cheibriados
Dithmenos
Fedhas
Gozag
Hepliaklqana
Kikubaaqudgha
Makhleb
Nemelex Xobeh
Okawaru
Qazlal
Ru
Sif Muna
Trog
Uskayaw
Vehumet
Wu Jian
Xom
Yredelemnul
Jiyva

Shops:
D:4 *

Annotations:
D:3 1 runed translucent door, Conn's ghost, weakling OpFE; Grinder
D:4 2 runed translucent doors, voronchuk's ghost, amateur OpCj
D:8 2 runed translucent doors
D:10 2 transporters


Innate Abilities, Weirdness & Mutations

You are immune to poison.
You have sharp fingernails.
Your flesh is cold resistant. (rC+)
You are immune to negative energy. (rN+++)
You do not regenerate when monsters are visible.
You are immune to unholy pain and torment.
You thrive by killing the living.


Message History

Aiming: Minor Destruction (0% risk of failure)
Press: ? - help, Shift-Dir - straight line, f/p - gargoyle
Aim: a gargoyle, wielding a +0 flail (severely damaged, haloed)
The puff of flame hits the gargoyle but does no damage.
The gargoyle is severely damaged.
The gargoyle hurls a stone arrow at you.
The stone arrow hits you.
Aiming: Minor Destruction (0% risk of failure)
Press: ? - help, Shift-Dir - straight line, f/p - gargoyle
Aim: a gargoyle, wielding a +0 flail (severely damaged, haloed)
The glob of acid hits the gargoyle but does no damage.
The gargoyle is severely damaged.
The gargoyle hurls a stone arrow at you.
The stone arrow hits you!
Aiming: Minor Destruction (0% risk of failure)
Press: ? - help, Shift-Dir - straight line, f/p - gargoyle
Aim: a gargoyle, wielding a +0 flail (severely damaged, haloed)
The puff of flame hits the gargoyle but does no damage.
The gargoyle is severely damaged.
The gargoyle misses you.
Aiming: Minor Destruction (0% risk of failure)
Press: ? - help, Shift-Dir - straight line, f/p - gargoyle
Aim: a gargoyle, wielding a +0 flail (severely damaged, haloed)
The glob of acid hits the gargoyle.
The acid corrodes the gargoyle!
The gargoyle is almost destroyed.
The gargoyle hurls a stone arrow at you.
The stone arrow hits you!
* * * LOW HITPOINT WARNING * * *
You hit the gargoyle but do no damage.
Your weapon exudes an aura of protection.
The gargoyle is almost destroyed.
The gargoyle hurls a stone arrow at you.
The stone arrow hits you!
* * * LOW HITPOINT WARNING * * *
The gargoyle hits you with a +0 flail.
* * * LOW HITPOINT WARNING * * *
You hit the gargoyle but do no damage.
The gargoyle is almost destroyed.
The gargoyle hits you with a +0 flail.
You die...

#..........
#..........
#..........
#......)...
#..<.......
#..........
#..........
#..########
#.@# #.9#
#..# ...#
.....
......
.......
#.>.....#


You could see a gargoyle (corroded).

Vanquished Creatures
  2 boulder beetles (D:8)
  A two-headed ogre (D:7)
  2 tengu warriors (D:8)
  Pikel (D:8)
  3 cyclopes
  A wolf spider (D:9)
  2 manticores
  Joseph (D:8)
  A troll (D:9)
  A merfolk (D:8)
  A shadow (D:9)
  4 wyverns
  5 yaks
  2 vampire mosquitoes (D:9)
  A steam dragon (D:8)
  A steam dragon (shapeshifter) (D:8)
  2 water moccasins
  3 acid dragons
  Duvessa (D:6)
  A floating eye (shapeshifter) (D:9)
  3 ice beasts
  4 orc warriors
  A black bear (D:8)
  3 sky beasts
  3 ogres
  6 centaurs
  2 phantoms
  3 bullfrogs
  4 kobold brigands
  4 necrophages
  A gnoll sergeant (D:10)
  3 scorpions
  A wight (D:8)
  Dowan (D:6)
  15 killer bees
  5 howler monkeys
  2 jellies (D:5)
  3 hounds
  5 orc priests
  An iguana (D:6)
  5 orc wizards
  Natasha (thrice) (D:3)
  Terence (D:3)
  A mummy (D:7)
  11 adders
  13 gnolls
  3 shadow imps
  An ufetubus (D:5)
  2 worms
  3 dart slugs
  33 orcs
  2 bats
  4 endoplasms
  3 giant cockroaches
  4 goblins
  5 hobgoblins
  7 jackals (D:1)
  9 kobolds
  3 quokkas
  8 ball pythons
  3 frilled lizards
  A kobold zombie (D:7)
  3 orc zombies (D:7)
  8 rats
242 creatures vanquished.

Vanquished Creatures (collateral kills)
  Fannar (D:9)
  2 two-headed ogres
  2 efreet (D:9)
  A kobold demonologist (D:10)
  5 yaks
  An orc warrior (D:9)
  A gnoll sergeant (D:10)
  A killer bee (D:9)
  2 howler monkeys (D:9)
  An orc wizard (D:9)
  2 gnolls (D:10)
  2 orcs
  An endoplasm (D:1)
  A kobold (D:4)
  A goblin (D:3)
  2 bushes (D:10)
26 creatures vanquished.

Vanquished Creatures (others)
  A vampire mosquito zombie (D:9)
  A bullfrog (D:6)
  A yak zombie (D:9)
  A howler monkey (D:9)
  2 hounds (D:6)
  3 iguanas (D:6)
  4 killer bee zombies (D:9)
  A kobold zombie (D:9)
  5 gnoll zombies (D:10)
  An orc (D:9)
  A kobold (D:8)
  3 orc zombies (D:9)
  3 bushes (D:9)
27 creatures vanquished.

Grand Total: 295 creatures vanquished

Notes
Turn   | Place    | Note
-------+----------+-------------------------------------------
     0 | D:1      | CrazyBamboolord the Ghoul Necromancer began the quest for
                  | the Orb.
     0 | D:1      | Reached XP level 1. HP: 14/14 MP: 2/2
   123 | D:1      | Reached XP level 2. HP: 19/20 MP: 0/4
   735 | D:1      | Reached XP level 3. HP: 25/26 MP: 0/5
   743 | D:1      | Learned a level 3 spell: Vampiric Draining
  1190 | D:2      | Reached skill level 1 in Fighting
  1205 | D:2      | Reached XP level 4. HP: 31/35 MP: 1/6
  2006 | D:2      | Found a faded altar of an unknown god.
  2067 | D:2      | Reached XP level 5. HP: 40/40 MP: 5/8
  2622 | D:3      | Noticed Natasha
  2630 | D:3      | Killed Natasha
  2767 | D:3      | Noticed Natasha
  2773 | D:3      | Killed Natasha
  2833 | D:3      | Noticed Grinder
  2911 | D:3      | Reached skill level 5 in Necromancy
  3018 | D:3      | Reached XP level 6. HP: 48/48 MP: 3/9
  3085 | D:3      | Found a hide-covered altar of Uskayaw.
  3086 | D:3      | Found a radiant altar of Vehumet.
  3118 | D:3      | Noticed Conn's ghost (weakling OpFE)
  3122 | D:3      | Found a runed translucent door.
  3246 | D:3      | Noticed Natasha
  3257 | D:3      | Killed Natasha
  3390 | D:3      | Found a stormy altar of Qazlal.
  3404 | D:3      | Noticed Terence
  3413 | D:3      | Killed Terence
  3812 | D:3      | Learned a level 4 spell: Animate Dead
  3850 | D:4      | Found a staircase to the Ecumenical Temple.
  3869 | Temple   | Entered the Ecumenical Temple
  4107 | Temple   | Became a worshipper of Makhleb the Destroyer
  4385 | D:4      | Found a hazy altar of Hepliaklqana.
  4606 | D:4      | Found a runed translucent door.
  4611 | D:4      | Noticed voronchuk's ghost (amateur OpCj)
  4625 | D:4      | Found Zin's Purification Station.
  4649 | D:4      | Reached XP level 7. HP: 51/56 MP: 2/12
  4724 | D:4      | You are sucked into a shaft and drop 3 floors!
  4749 | D:7      | Reached skill level 1 in Invocations
  4776 | D:7      | Noticed a wyvern
  4801 | D:6      | Found an iron altar of Okawaru.
  4930 | D:5      | Entered Level 5 of the Dungeon
  4953 | D:4      | Reached skill level 6 in Necromancy
  5296 | D:4      | Found a runed translucent door.
  5710 | D:5      | Reached * piety under Makhleb
  5727 | D:5      | Reached XP level 8. HP: 62/62 MP: 6/14
  5731 | D:5      | Reached skill level 5 in Spellcasting
  6649 | D:5      | Learned a level 5 spell: Agony
  6738 | D:6      | Reached skill level 7 in Necromancy
  7012 | D:6      | Found a shimmering altar of Xom.
  7160 | D:6      | Reached XP level 9. HP: 53/70 MP: 9/17
  7532 | D:6      | Found a shimmering blue altar of Sif Muna.
  7532 | D:6      | Noticed Dowan
  7543 | D:6      | Found a bloodstained altar of Trog.
  7543 | D:6      | Noticed Duvessa
  7552 | D:6      | Killed Duvessa
  7554 | D:6      | Killed Dowan
  7568 | D:6      | Got Sif Muna's Papyrus of Congealing Nephomancy
  8017 | D:7      | Reached skill level 8 in Necromancy
  8252 | D:7      | Noticed a two-headed ogre
  8722 | D:7      | Reached ** piety under Makhleb
  8893 | D:7      | Killed a two-headed ogre
  9120 | D:7      | Identified the +2 trident of Patience {protect, rF+ Dex+5}
  9327 | D:8      | Reached XP level 10. HP: 67/80 MP: 8/19
  9475 | D:8      | Found an ancient bone altar of Kikubaaqudgha.
  9755 | D:8      | Noticed Pikel
  9777 | D:8      | Killed Pikel
  9778 | D:8      | Reached skill level 5 in Fighting
  9778 | D:8      | Reached skill level 9 in Necromancy
  9883 | D:8      | Found a runed translucent door.
  9956 | D:8      | Noticed a boulder beetle
  9956 | D:8      | Noticed a centaur warrior
  9957 | D:8      | Noticed a cyclops
 10890 | D:8      | Killed a cyclops
 10902 | D:8      | Noticed Joseph
 11033 | D:8      | Killed Joseph
 11166 | D:8      | Noticed a cyclops
 11167 | D:8      | Noticed a tengu warrior
 11167 | D:8      | Noticed a centaur warrior
 11167 | D:8      | Noticed a cyclops
 11168 | D:8      | Noticed a boulder beetle
 11169 | D:8      | Found a runed translucent door.
 11169 | D:8      | Found a runed translucent door.
 11260 | D:8      | Killed a cyclops
 11261 | D:8      | Reached skill level 5 in Invocations
 11748 | D:7      | Killed a cyclops
 11749 | D:7      | Reached skill level 5 in Dodging
 11749 | D:7      | Reached skill level 10 in Necromancy
 12670 | D:8      | a centaur warrior changed into a merfolk
 12691 | D:8      | Reached XP level 11. HP: 22/89 MP: 2/22
 12972 | D:8      | Noticed a tengu warrior
 13800 | D:9      | Found a shadowy altar of Dithmenos.
 14144 | D:8      | Killed a boulder beetle
 14431 | D:8      | Killed a tengu warrior
 14629 | D:8      | a centaur warrior changed into a black bear
 14901 | D:8      | Learned a level 4 spell: Dispel Undead
 15039 | D:8      | Killed a boulder beetle
 15069 | D:8      | Killed a tengu warrior
 15443 | D:10     | Entered Level 10 of the Dungeon
 15448 | D:10     | Noticed Fannar
 15599 | D:9      | Killed Fannar
 15600 | D:9      | Reached skill level 11 in Necromancy
 15990 | D:10     | Reached *** piety under Makhleb
 16254 | D:10     | Found a transporter.
 16359 | D:10     | Noticed a glowing orange brain
 16363 | D:10     | Found a viscous altar of Jiyva.
 16363 | D:10     | Found a transporter.
 16504 | D:10     | Found a staircase to the Orcish Mines.
 16759 | D:10     | Noticed a manticore
 16771 | D:10     | Killed a manticore
 16959 | D:10     | Reached XP level 12. HP: 87/97 MP: 11/24
 17030 | D:10     | Noticed a two-headed ogre
 17038 | D:10     | Killed a two-headed ogre
 17298 | D:10     | Found an ornate altar of the Wu Jian Council.
 17496 | D:10     | Found a blossoming altar of Fedhas.
 17747 | D:9      | Noticed a two-headed ogre
 17768 | D:9      | Killed a two-headed ogre
 17769 | D:9      | Reached skill level 10 in Spellcasting
 18514 | D:9      | Paralysed by a floating eye for 4 turns
 19198 | D:11     | HP: 5/100 [gargoyle/+0 flail (6)]
 19199 | D:11     | Slain by a gargoyle

Illustrated notes

Levels and vault maps discovered:
D:1:      grunt_arrival_crossed_arrows, layout_basic, minivault_19
D:2:      layout_loops_corners, ebering_ecumenical_altar_abandoned,
          chequers_serial_rivers_small_b
D:3:      layout_loops_ring, nicolae_qazlal_general_emergency,
          nicolae_overflow_two_pavilions, hellmonk_ghost_happy_afterlife,
          grunt_decor_mini_mirrors, uniq_terence, uniq_grinder, uniq_natasha
D:4:      layout_loops_ring, zin_purify, mainiacjoe_overflow_chevrons,
          minmay_temple_entry_wispy, ebering_ghost_sewer_f
D:5:      layout_rooms, grunt_ministairs_9
D:6:      layout_loops_corners, nzn_overflow_gifts_of_might_and_magic,
          mainiacjoe_overflow_alcove_2, xom_confusion_cloud
D:7:      layout_basic, minmay_mini_ossuary
D:8:      minmay_the_grid_four_pointed_star
          [minmay_the_grid_triangle_9x9_fully_insulated_deathbox,
          minmay_the_grid_triangle_9x9_impossible_snake,
          minmay_the_grid_triangle_9x9_zippers_vertical,
          minmay_the_grid_triangle_9x9_cache, minmay_the_grid_prize_big_room],
          layout_gridville, mainiacjoe_overflow_alcove_1, uniq_pikel,
          uniq_joseph
D:9:      minmay_klotski, layout_basic, kennysheep_little_box
D:10:     gammafunk_jiyva_shrine, layout_grid_maze,
          mainiacjoe_overflow_alcove_4, fedhas_bush_and_centaur_altar,
          david_orc_2, uniq_fannar
D:11:     layout_irregular_city, minmay_lair_entry_grove
Temple:   grunt_temple_mini_profane

Skill      XL: |  1  2  3  4  5  6  7  8  9 10 11 12 |
---------------+-------------------------------------+-----
Spellcasting   | 2 3 4 6 7 8 9 10 | 10.3
Dodging        | 2 3 4 5 6 |  6.6
Fighting       | 1 2 3 4 5 6 7 |  7.2
Necromancy     | 5 6 7 8 10 11 | 11.7
Invocations    | 1 2 3 5 6 7 |  7.3
Stealth        | 3 |  3.7

Action                     |  1- 3 |  4- 6 |  7- 9 | 10-12 || total
---------------------------+-------+-------+-------+-------++-------
  Melee: Spear             |    49 |    28 |   149 |       ||   226
         Trident           |       |       |     2 |   318 ||   320
         Punch             |       |       |       |     1 ||     1
  Throw: Throwing net      |       |       |     1 |       ||     1
   Cast: Necrotise         |    44 |   165 |   125 |    44 ||   378
         Vampiric Draining |       |       |    36 |    96 ||   132
         Agony             |       |       |     3 |    63 ||    66
         Animate Dead      |       |       |       |     8 ||     8
         Dispel Undead     |       |       |       |     5 ||     5
 Invoke: Minor Destruction |       |       |       |    60 ||    60
         Lesser Servant of |       |       |       |     5 ||     5
  Evoke: Wand              |       |       |     6 |     3 ||     9
    Use: Scroll            |       |     8 |     7 |    13 ||    28
         Potion            |       |       |       |     8 ||     8
   Stab: Sleeping          |     1 |     1 |     4 |       ||     6
         Distracted        |       |     1 |       |     2 ||     3
 Armour: Robe              |    12 |    23 |    98 |   237 ||   370
  Dodge: Dodged            |    56 |    57 |   165 |   447 ||   725

Table legend: (Time is in decaauts)
 A = Elapsed time spent in this place.
 B = Non-inter-level travel time spent in this place.
 C = Inter-level travel time spent in this place.
 D = Time resting spent in this place.
 E = Time spent auto-exploring this place.
 F = Levels seen in this place.
 G = Mean time per level.
                   A        B        C        D        E       F      G
               +--------+--------+--------+--------+--------+-----+--------+
         Total |  19340 |  18276 |   1064 |   5363 |  10017 |  12 | 1611.7 |
       Dungeon |  19077 |  18056 |   1021 |   5363 |   9802 |  11 | 1734.3 |
        Temple |    262 |    219 |     43 |      0 |    215 |   1 |  262.0 |
               +--------+--------+--------+--------+--------+-----+--------+

Top non-repeatable levels by time:
     D:8: 3142 daAuts
     D:9: 3137 daAuts
     D:7: 3131 daAuts
    D:10: 2090 daAuts
     D:6: 1326 daAuts
     D:1: 1294 daAuts
     D:2: 1288 daAuts
     D:4: 1283 daAuts
     D:3: 1266 daAuts
     D:5: 1081 daAuts
  Temple: 262 daAuts
    D:11: 34 daAuts
